 Dungeon Crawl Stone Soup version 0.22.0-60-ga52c2fc (webtiles) character file.

186595 Lauz the Executioner (level 17, -17/162 HPs)
             Began as a Minotaur Berserker on Sept 10, 2018.
             Was the Champion of Trog.
             Shot with an arrow by a satyr (31 damage)
             ... on level 4 of the Shoals.
             The game lasted 01:58:08 (28274 turns).

Lauz the Executioner (Minotaur Berserker)          Turns: 28274, Time: 01:58:09

Health: -17/162    AC: 19    Str: 28    XL:     17   Next: 43%
Magic:  16/16      EV: 19    Int: 13    God:    Trog [******]
Gold:   2625       SH:  0    Dex: 16    Spells: 16/16 levels left

rFire    + + .     SeeInvis .   M - +11 executioner's axe of Oenomania {protect, +Inv Int+3 Dex+3}
rCold    . . .     Gourm    .   (shield currently unavailable)
rNeg     + . .     Faith    .   H - +0 pearl dragon scales
rPois    +         Spirit   .   (helmet restricted)
rElec    .         Reflect  .   W - scarf {rC+ rF+}
rCorr    .         Harm     .   z - +0 pair of gloves
MR       +....                  (no boots)
Stlth    ..........             N - amulet of regeneration
HPRegen  0.77/turn              r - ring of Disaster {rPois Str+4 Slay-3}
MPRegen  0.15/turn              L - ring "Dycec" {Fire Str-4 Int+6 Dex+2 Slay+5}

@: lethally poisoned (-17 -> -17), barbed spikes, mesmerised, slowed, glowing,
very slow
A: retaliatory headbutt, horns 2
}: 1/15 runes: gossamer
a: Berserk, Trog's Hand, Brothers in Arms, Renounce Religion, Evoke Invisibility


You were on level 4 of the Shoals.
You worshipped Trog.
Trog was exalted by your worship.
You were not hungry.

You visited 5 branches of the dungeon, and saw 29 of its levels.
You also visited: Labyrinth and Volcano.

You collected 2625 gold pieces.

Inventory:

Hand Weapons
 a - a +2 broad axe of flaming
 y - a +4 great sword
 G - the +7 great mace "Jyzeo" {chaos, rF+ Str+2 SInv Stlth+}
   (You subdued it on level 4 of the Lair of Beasts)

   Each time it hits an enemy it has a different, random effect.
   It affects your strength (+2).
   It protects you from fire.
   It lets you see invisible.
   It makes you more stealthy.
 M - the +11 executioner's axe of Oenomania (weapon) {protect, +Inv Int+3 Dex+3}
   (Trog gifted it to you on level 3 of the Lair of Beasts)

   It protects the one who uses it against injury (+AC on strike).
   It affects your intelligence (+3).
   It affects your dexterity (+3).
   It lets you turn invisible.
 O - the +7 Spriggan's Knife {MR+ EV+4 Dex+4 Stlth+}
   (You took it off a minotaur in a labyrinth)

   It affects your evasion (+4).
   It affects your dexterity (+4).
   It affects your resistance to hostile enchantments.
   It makes you more stealthy.
 T - a +2 battleaxe of venom
 V - a +1 executioner's axe of electrocution
Armour
 z - a +0 pair of gloves (worn)
 A - a cursed +0 large shield
 B - a +1 shield of reflection
 H - +0 pearl dragon scales (worn)
 W - a scarf of resistance (worn)
 X - a +2 cloak
Jewellery
 k - a +4 ring of evasion
 r - the ring of Disaster (left hand) {rPois Str+4 Slay-3}
   (You found it on level 3 of the Lair of Beasts)

   [ring of poison resistance]

   It affects your strength (+4).
   It affects your accuracy and damage with ranged weapons and melee attacks
   (-3).
   It protects you from poison.
 t - a +5 ring of evasion
 u - an uncursed ring of fire
 x - an uncursed ring of positive energy
 F - an uncursed ring of flight
 L - the ring "Dycec" (right hand) {Fire Str-4 Int+6 Dex+2 Slay+5}
   (You found it on level 10 of the Dungeon)

   [ring of fire]

   It enhances your fire magic.
   It affects your strength (-4).
   It affects your intelligence (+6).
   It affects your dexterity (+2).
   It affects your accuracy and damage with ranged weapons and melee attacks
   (+5).
   It protects you from fire.
   It makes you vulnerable to cold.
 N - an amulet of regeneration (around neck)
Wands
 d - a wand of polymorph (58)
 v - a wand of paralysis (32)
 C - a wand of enslavement (36)
 D - a wand of flame (71)
 I - a wand of iceblast (18)
 P - a wand of acid (12)
 Y - a wand of random effects (29)
 Z - a wand of digging (15)
Scrolls
 b - 5 scrolls of enchant weapon
 e - a scroll of summoning
 g - 8 scrolls of teleportation
 i - 2 scrolls of fear
 n - 9 scrolls of remove curse
 p - 6 scrolls of magic mapping
 s - a scroll of identify
 K - 4 scrolls of fog
 S - 2 scrolls of holy word
Potions
 f - 3 potions of cancellation
 h - 5 potions of brilliance
 j - 3 potions of flight
 l - 2 potions of mutation
 m - 3 potions of invisibility
 o - 8 potions of curing
 q - 4 potions of haste
 w - 7 potions of agility
 E - 6 potions of resistance
 J - 3 potions of lignification
 Q - 5 potions of ambrosia
 R - 10 potions of heal wounds
 U - a potion of might
Comestibles
 c - 33 rations


   Skills:
 + Level 17.5 Fighting
 * Level 23.1 Axes
 + Level 16.9 Armour
 + Level 12.5 Dodging


You had 16 spell levels left.
You didn't know any spells.
Your spell library was empty.

Dungeon Overview and Level Annotations

Branches:
Dungeon (13/15)            Temple (0/1) D:6            Lair (6/6) D:8
 Shoals (4/4) Lair:2       Spider (4/4) Lair:3        Slime (0/5) Lair:6
    Orc (2/2) D:12            Elf (0/3) Orc:2        Vaults (0/5) D:13

Altars:
Ashenzari
Cheibriados
Dithmenos
Elyvilon
Fedhas
Gozag
Hepliaklqana
Kikubaaqudgha
Makhleb
Okawaru
Uskayaw
Vehumet
Wu Jian
Xom
Yredelemnul
The Shining One

Shops:
D:9 !   Orc:2 ?*[*

Annotations:
D:6 2 transporters, Malog's ghost, novice DgTm
Shoals:4 Louise


Innate Abilities, Weirdness & Mutations

You reflexively headbutt those who attack you in melee.
You have a pair of horns on your head.


Message History

The snapping turtle completely misses you.
Found a sling bullet.
A snapping turtle comes into view.
You feel much better.
You feel sick.
The pull of its song draws you forwards.
The sea snake bites you.
* * * LOW HITPOINT WARNING * * *
The faun shoots a sling bullet.
The sling bullet misses you.
You hear a splash.
The merfolk avatar chants its luring song.
The merfolk siren chants its luring song.
The sea snake bites you!
* * * LOW HITPOINT WARNING * * *
The faun hits you with a spear!
* * * LOW HITPOINT WARNING * * *
The faun shoots a sling bullet.
The sling bullet barely misses you.
You hear a splash.
The sea snake bites you but does no damage.
The satyr shoots an arrow.
The arrow hits you!!
You die...

≈≈≈≈≈≈≈≈≈c≈.....
≈≈≈≈≈≈≈((c≈≈≈....
≈≈≈≈≈≈≈≈≈≈§≈≈≈≈...
≈≈≈≈≈≈≈≈≈≈(≈c≈≈....
≈≈≈≈≈≈≈≈≈c≈≈≈≈≈≈...
≈≈≈≈≈≈≈≈≈≈c≈≈≈≈≈≈≈≈
≈≈≈≈≈≈≈YSmm≈c≈≈≈≈≈≈
≈≈≈≈≈c≈≈≈S≈≈≈≈≈≈≈≈≈
.≈≈≈≈Y≈≈≈@≈c≈c≈≈.≈≈
..≈≈c≈≈≈(Sc≈(≈≈≈..≈
P.≈≈≈(t≈≈≈≈≈≈≈≈≈..
.P≈≈≈≈≈≈≈≈≈≈(≈≈..
≈##≈≈≈≈≈≈≈≈≈≈≈≈..
#≈≈≈≈≈≈≈≈≈≈≈≈≈≈
#≈≈≈≈≈≈≈≈≈≈≈≈≈≈≈
##≈≈≈≈≈≈≈≈≈≈≈≈≈≈
≈≈≈≈≈≈≈≈≈≈≈≈≈≈


You could see a merfolk avatar, 2 satyrs, 3 sea snakes, a snapping turtle, 8
fauns, a merfolk siren and 2 dream sheep.

Vanquished Creatures
  Rupert (Lair:4)
  Roxanne (Spider:2)
  The ghost of jerryfan the Cleaver, an adept DsFi of Okawaru (Spider:4)
  2 emperor scorpions
  4 ghost moths
  A stone giant (Orc:1)
  A minotaur (Lab)
  The ghost of Malog the Zephyrmancer, a journeyman TeAE of Okawaru (Lair:4)
  2 spark wasps (Spider:4)
  A merfolk javelineer (Shoals:4)
  3 merfolk impalers
  2 ogre magi (Orc:2)
  Fannar (Lair:1)
  Harold (D:9)
  Josephine (D:12)
  3 hydras (Lair:5)
  An alligator snapping turtle (Shoals:1)
  5 catoblepae
  3 merfolk avatars
  10 two-headed ogres
  A centaur warrior (Volcano)
  3 merfolk aquamancers
  11 death yaks (Lair:6)
  2 dancing weapons
  A hell knight (Volcano)
  2 deep trolls (Orc:2)
  An unseen horror (D:10)
  10 sea snakes
  2 necromancers (D:13)
  10 harpies
  An ugly thing (D:12)
  2 orc knights (Orc:2)
  An orc sorcerer (Orc:2)
  42 wolf spiders
  4 slime creatures
  6 cyclopes
  A deep elf mage (D:13)
  4 fauns
  7 manticores
  17 orb spiders
  7 elephants
  2 moths of wrath
  3 merfolk sirens
  3 water nymphs
  4 black mambas
  2 torpor snails
  11 spiny frogs
  Maurice (Orc:1)
  2 komodo dragons
  4 yaktaurs (Volcano)
  A rime drake (Lair:6)
  15 demonic crawlers
  5 wind drakes
  33 jumping spiders
  13 trolls
  15 merfolk
  5 blink frogs (Lair:3)
  11 hippogriffs
  12 hornets
  7 snapping turtles
  11 dream sheep
  83 redbacks
  13 water elementals
  30 tarantellas
  7 wraiths
  2 wyverns
  47 yaks
  2 hungry ghosts
  Grum (D:8)
  5 basilisks
  11 water moccasins
  Menkaure (D:7)
  A warg (Orc:2)
  7 porcupines
  Duvessa (D:7)
  3 ice beasts
  A hornet zombie (D:11)
  2 sky beasts
  15 orc warriors
  3 black bears
  22 ogres
  A phantom (D:11)
  2 necrophages
  12 wolves
  6 centaurs
  A big kobold (D:13)
  11 crocodiles
  An elf zombie (D:7)
  18 bullfrogs
  A gnoll sergeant (Orc:2)
  Dowan (D:7)
  3 scorpions
  4 wights
  15 killer bees
  4 howler monkeys
  4 crimson imps
  2 human zombies (D:7)
  2 hounds
  3 jellies
  14 orc wizards
  6 centaur skeletons
  12 orc priests
  2 bullfrog skeletons
  2 human skeletons (D:7)
  4 iguanas
  10 worker ants
  An ogre zombie (D:7)
  A worker ant zombie (D:7)
  7 gnolls
  9 adders
  3 shadow imps
  An ooze (D:6)
  5 worms
  A dart slug (D:1)
  6 leopard geckos
  48 orcs
  3 ball pythons
  5 giant cockroaches
  5 goblins
  6 hobgoblins
  11 jackals
  9 kobolds
  A quokka (D:9)
  7 bats
  3 frilled lizards
  3 jackal skeletons
  A leopard gecko zombie (D:6)
  An orc skeleton (D:7)
  2 orc zombies (D:7)
  4 rats
  2 fungi
  10 plants
893 creatures vanquished.

Vanquished Creatures (others)
  A wolf spider (Spider:1)
  A jumping spider (Spider:4)
  A redback (Spider:1)
  A tarantella (Spider:3)
  22 plants
26 creatures vanquished.

Grand Total: 919 creatures vanquished

Notes
Turn   | Place    | Note
-------+----------+-------------------------------------------
     0 | D:1      | Lauz the Minotaur Berserker began the quest for the Orb.
     0 | D:1      | Reached XP level 1. HP: 19/19 MP: 0/0
    72 | D:1      | Reached skill level 4 in Axes
   367 | D:1      | Reached XP level 2. HP: 25/27 MP: 1/1
   690 | D:2      | Reached XP level 3. HP: 18/33 MP: 2/2
   734 | D:1      | HP: 1/33 [poisoned by an adder]
  1000 | D:2      | Reached ** piety under Trog
  1009 | D:2      | Found a shattered altar of Ashenzari.
  1023 | D:2      | Reached skill level 5 in Axes
  1097 | D:2      | Found a snail-covered altar of Cheibriados.
  1138 | D:2      | Reached XP level 4. HP: 28/41 MP: 3/3
  1739 | D:2      | Found an ornate altar of the Wu Jian Council.
  2055 | D:3      | Reached skill level 6 in Axes
  2164 | D:3      | Reached XP level 5. HP: 35/47 MP: 4/4
  2431 | D:3      | Reached skill level 5 in Fighting
  2436 | D:3      | Reached *** piety under Trog
  2839 | D:4      | Reached skill level 7 in Axes
  2843 | D:4      | Reached XP level 6. HP: 56/56 MP: 5/5
  2955 | D:4      | Found a blossoming altar of Fedhas.
  3153 | D:4      | Found a hazy altar of Hepliaklqana.
  3702 | D:5      | Entered Level 5 of the Dungeon
  3720 | D:5      | Reached skill level 8 in Axes
  3784 | D:5      | You fall through a shaft!
  3896 | D:6      | Reached XP level 7. HP: 49/63 MP: 6/6
  3977 | D:6      | Found a staircase to the Ecumenical Temple.
  4321 | D:6      | Reached skill level 9 in Axes
  4322 | D:6      | Found a glowing golden altar of the Shining One.
  4611 | D:6      | Found a radiant altar of Vehumet.
  4635 | D:6      | Found a transporter.
  4635 | D:6      | Found a transporter.
  4636 | D:6      | Noticed Malog's ghost (novice DgTm)
  4715 | D:6      | Found a white marble altar of Elyvilon.
  4719 | D:6      | Reached XP level 8. HP: 64/71 MP: 7/7
  4721 | D:6      | Found a hide-covered altar of Uskayaw.
  4724 | D:6      | Found an iron altar of Okawaru.
  5251 | D:7      | Reached **** piety under Trog
  5255 | D:7      | Noticed Menkaure
  5271 | D:7      | Killed Menkaure
  5271 | D:7      | Reached skill level 10 in Axes
  5271 | D:7      | Reached skill level 5 in Armour
  5526 | D:7      | Noticed Dowan
  5530 | D:7      | Noticed Duvessa
  5536 | D:7      | Killed Dowan
  5546 | D:7      | Killed Duvessa
  5725 | D:7      | Reached skill level 11 in Axes
  5745 | D:7      | Reached XP level 9. HP: 61/81 MP: 6/8
  5829 | D:7      | Found an ancient bone altar of Kikubaaqudgha.
  6079 | D:8      | Found an opulent altar of Gozag.
  6207 | D:8      | Noticed Grum
  6216 | D:8      | Killed Grum
  6223 | D:8      | Reached skill level 12 in Axes
  6235 | D:8      | Noticed an elephant
  6464 | D:8      | Found a staircase to the Lair.
  6471 | D:8      | Killed an elephant
  6662 | D:8      | Reached XP level 10. HP: 91/91 MP: 9/9
  6673 | D:8      | Found a burning altar of Makhleb.
  6864 | D:9      | Reached ***** piety under Trog
  6864 | D:9      | Reached skill level 13 in Axes
  6950 | D:9      | Found a burning altar of Makhleb.
  6987 | D:9      | Found Igunerr's Distillery.
  7011 | D:9      | Reached skill level 10 in Fighting
  7340 | D:10     | Entered Level 10 of the Dungeon
  7340 | D:10     | Noticed Harold
  7356 | D:9      | Killed Harold
  7457 | D:10     | Reached skill level 14 in Axes
  7520 | D:10     | Killed an unseen horror
  7805 | D:10     | Reached XP level 11. HP: 101/101 MP: 10/10
  7942 | D:10     | Got a translucent turquoise ring
  7944 | D:10     | Identified the ring "Dycec" {Fire Str-4 Int+6 Dex+2 Slay+5}
                  | (You found it on level 10 of the Dungeon)
  8046 | D:11     | Found a labyrinth entrance.
  8055 | Lab      | Entered a labyrinth
  9905 | Lab      | Noticed a minotaur
  9914 | Lab      | Killed a minotaur
 10235 | D:11     | Reached skill level 10 in Armour
 10246 | D:11     | Reached skill level 15 in Axes
 10470 | D:11     | Received a gift from Trog
 10626 | D:11     | Noticed a two-headed ogre
 10635 | D:11     | Killed a two-headed ogre
 11074 | D:12     | Noticed a red ugly thing
 11084 | D:12     | Killed a red ugly thing
 11316 | D:12     | Noticed Josephine
 11324 | D:12     | Killed Josephine
 11572 | D:12     | Found a staircase to the Orcish Mines.
 11620 | D:12     | Reached skill level 16 in Axes
 12236 | D:13     | Noticed a deep elf mage
 12245 | D:13     | Killed a deep elf mage
 12328 | D:13     | Reached XP level 12. HP: 112/112 MP: 11/11
 12414 | D:13     | Found a gate to the Vaults.
 12903 | Lair:1   | Entered Level 1 of the Lair of Beasts
 13180 | Lair:1   | Noticed Fannar
 13199 | Lair:1   | Killed Fannar
 13722 | Lair:1   | Found a shadowy altar of Dithmenos.
 13883 | Lair:2   | Reached skill level 17 in Axes
 14225 | Lair:2   | Found a staircase to the Shoals.
 14383 | Lair:3   | Received a gift from Trog
 14388 | Lair:3   | Got a smoking executioner's axe {god gift}
 14390 | Lair:3   | Identified the +11 executioner's axe of Oenomania {protect,
                  | +Inv Int+3 Dex+3} (Trog gifted it to you on level 3 of the
                  | Lair of Beasts)
 14445 | Lair:3   | Got a clouded glass ring
 14447 | Lair:3   | Identified the ring of Disaster {rPois Str+4 Slay-3} (You
                  | found it on level 3 of the Lair of Beasts)
 14868 | Lair:3   | Found a hole to the Spider Nest.
 15175 | Lair:4   | Found a runed door.
 15175 | Lair:4   | Found a shimmering altar of Xom.
 15175 | Lair:4   | Noticed Malog's ghost (journeyman TeAE)
 15196 | Lair:4   | Killed Malog's ghost
 15198 | Lair:4   | Got a crude great mace {chaos}
 15218 | Lair:4   | Found a dark tunnel.
 15238 | Volcano  | Entered a volcano
 15258 | Volcano  | Noticed a centaur warrior
 15274 | Volcano  | Found a radiant altar of Vehumet.
 15445 | Volcano  | Killed a centaur warrior
 15447 | Volcano  | Reached XP level 13. HP: 85/122 MP: 12/12
 15844 | Lair:4   | Noticed Rupert
 15863 | Lair:4   | Killed Rupert
 15863 | Lair:4   | Reached skill level 18 in Axes
 15863 | Lair:4   | Reached skill level 5 in Dodging
 16440 | Lair:5   | Received a gift from Trog
 16747 | Lair:5   | Identified the +7 great mace "Jyzeo" {chaos, rF+ Str+2 SInv
                  | Stlth+} (You subdued it on level 4 of the Lair of Beasts)
 17409 | Lair:6   | Entered Level 6 of the Lair of Beasts
 17493 | Lair:6   | Reached skill level 19 in Axes
 17552 | Lair:6   | Reached XP level 14. HP: 127/133 MP: 13/13
 18142 | Lair:6   | Found a basalt altar of Yredelemnul.
 18172 | Lair:6   | Found a staircase to the Slime Pits.
 18831 | Orc:1    | Entered Level 1 of the Orcish Mines
 18833 | Orc:1    | Noticed Maurice
 18833 | Orc:1    | Noticed a stone giant
 18856 | Orc:1    | Killed a stone giant
 18862 | Orc:1    | Killed Maurice
 19183 | Orc:2    | Entered Level 2 of the Orcish Mines
 19203 | Orc:2    | Reached ****** piety under Trog
 19210 | Orc:2    | Received a gift from Trog
 19325 | Orc:2    | Found a staircase to the Elven Halls.
 19505 | Orc:2    | Found Piamnol's Assorted Antiques.
 19518 | Orc:2    | Reached skill level 15 in Fighting
 19527 | Orc:2    | Reached skill level 20 in Axes
 19576 | Orc:2    | Reached XP level 15. HP: 62/141 MP: 14/14
 19742 | Orc:2    | Found Joerenam's Armour Emporium.
 19760 | Orc:2    | Found Tenumel's Assorted Antiques.
 19762 | Orc:2    | Found Calimnio's Magic Scroll Emporium.
 20445 | Spider:1 | Entered Level 1 of the Spider Nest
 20461 | Spider:1 | Received a gift from Trog
 20944 | Spider:1 | Reached skill level 15 in Armour
 20945 | Spider:1 | Received a gift from Trog
 20964 | Spider:1 | Identified the +2 broad axe of Cakealul {chop, rN+ Dex+5}
                  | (Trog gifted it to you on level 1 of the Spider Nest)
 21116 | Spider:1 | Reached skill level 21 in Axes
 21116 | Spider:1 | Reached skill level 10 in Dodging
 22012 | Spider:2 | Received a gift from Trog
 22236 | Spider:2 | Noticed Roxanne
 22247 | Spider:2 | Killed Roxanne
 22248 | Spider:2 | Identified Roxanne's Papyrus of Shape Shifting (You took it
                  | off Roxanne on level 2 of the Spider Nest)
 22446 | Spider:2 | Noticed a ghost moth
 22452 | Spider:2 | Killed a ghost moth
 22555 | Spider:2 | Reached XP level 16. HP: 141/151 MP: 15/15
 23053 | Spider:3 | Received a gift from Trog
 23472 | Spider:4 | Entered Level 4 of the Spider Nest
 24244 | Spider:4 | Reached skill level 22 in Axes
 24333 | Spider:4 | Received a gift from Trog
 24358 | Spider:4 | Found a runed door.
 24358 | Spider:4 | Found a shimmering altar of Xom.
 24359 | Spider:4 | Noticed jerryfan's ghost (adept DsFi)
 24482 | Spider:4 | Killed jerryfan's ghost
 25246 | Spider:4 | Got a gossamer rune of Zot
 25521 | Shoals:1 | Entered Level 1 of the Shoals
 26011 | Shoals:1 | Received a gift from Trog
 26184 | Shoals:1 | Reached XP level 17. HP: 53/161 MP: 16/16
 27568 | Shoals:3 | Reached skill level 23 in Axes
 27803 | Shoals:3 | Identified the cursed +1 ring mail of Summertime {+Fly}
                  | (You found it on level 3 of the Shoals)
 28028 | Shoals:4 | Entered Level 4 of the Shoals
 28271 | Shoals:4 | Noticed Louise
 28274 | Shoals:4 | Shot with an arrow by a satyr

Skill      XL: |  1  2  3  4  5  6  7  8  9 10 11 12 13 14 15 16 17 |
---------------+----------------------------------------------------+-----
Axes           | 4 5 6 7 8 9 11 12 14 16 17 19 20 21 22 23 | 23.1
Fighting       | 4 5 6 8 9 10 12 13 14 15 16 17 | 17.5
Armour         | 4 6 7 9 11 12 13 14 15 16 | 16.9
Dodging        | 4 7 9 10 12 | 12.5

Action                   |  1- 3 |  4- 6 |  7- 9 | 10-12 | 13-15 | 16-18 || total
-------------------------+-------+-------+-------+-------+-------+-------++-------
Melee: Hand axe          |    71 |   164 |   222 |       |       |       ||   457
       Headbutt          |     6 |    27 |    48 |    99 |   161 |   128 ||   469
       War axe           |       |       |    45 |   213 |       |       ||   258
       Battleaxe         |       |       |       |   190 |       |       ||   190
       Executioner's axe |       |       |       |    59 |   562 |   472 ||  1093
       Broad axe         |       |       |       |       |    10 |       ||    10
       Great mace        |       |       |       |       |    12 |    25 ||    37
Invok: Berserk           |     1 |     1 |     1 |     2 |       |     2 ||     7
 Abil: Evoke Invisibilit |       |       |       |     1 |     1 |       ||     2
Evoke: Wand              |       |       |       |       |     1 |       ||     1
  Use: Scroll            |       |     1 |     3 |    17 |    12 |     9 ||    42
       Potion            |       |       |       |     3 |     1 |     2 ||     6
 Stab: Sleeping          |     1 |       |       |       |       |       ||     1
       Invisible         |       |       |       |     1 |     1 |       ||     2
       Held in net/web   |       |       |       |       |     1 |       ||     1
       Petrifying        |       |       |       |       |       |     1 ||     1
  Eat: Chunk             |     2 |     9 |     6 |    19 |    15 |     5 ||    56
       Ration            |       |       |     1 |     4 |     2 |     5 ||    12
Armor: Animal skin       |     9 |    15 |       |       |       |       ||    24
       Scale mail        |       |     8 |    30 |       |       |       ||    38
       Pearl dragon scal |       |       |       |   134 |   307 |   325 ||   766
Dodge: Dodged            |    58 |   128 |   169 |   376 |   692 |   519 ||  1942
